 Dungeon Crawl Stone Soup version 0.21.0-3-g78d12a8 (webtiles) character file.

63 Monsterracer the Chopper (level 4, 0/38 HPs)
             Began as a Hill Orc Warper on Jan 8, 2018.
             Was an Initiate of Beogh.
             Killed by nerve-wracking pain
             ... invoked by an orc priest
              (9 damage)
             ... on level 3 of the Dungeon.
             The game lasted 00:02:57 (2333 turns).

Monsterracer the Chopper (Hill Orc Warper)          Turns: 2333, Time: 00:02:57

Health: 0/38       AC:  4    Str: 14    XL:     4   Next: 9%
Magic:  6/7        EV: 12    Int: 13    God:    Beogh [......]
Gold:   242        SH:  0    Dex: 10    Spells: 7/7 levels left

rFire    . . .     SeeInvis .   a - +0 hand axe
rCold    . . .     Gourm    .   (no shield)
rNeg     . . .     Faith    .   u - +0 leather armour
rPois    .         Spirit   .   m - +0 helmet
rElec    .         Reflect  .   (no cloak)
rCorr    .         Harm     .   (no gloves)
MR       .....                  (no boots)
Stlth    +.........             (no amulet)
HPRegen  0.12/turn              (no ring)
MPRegen  0.10/turn              (no ring)

@: no status effects
A: no striking features
a: Renounce Religion


You were on level 3 of the Dungeon.
You worshipped Beogh.
Beogh was noncommittal.
You were not hungry.

You visited 1 branch of the dungeon, and saw 3 of its levels.

You collected 242 gold pieces.

Inventory:

Hand Weapons
 a - a +0 hand axe (weapon)
 b - a +0 morningstar
Missiles
 e - 5 tomahawks of dispersal (quivered)
Armour
 c - a +0 chain mail
 m - a +0 helmet (worn)
 u - a +0 leather armour (worn)
Jewellery
 j - an uncursed ring of ice
Scrolls
 d - a scroll of blinking
 i - 2 scrolls of remove curse {unknown}
 k - a scroll of enchant armour {unknown}
 l - 2 scrolls of identify {unknown}
 n - a scroll of fog {unknown}
 o - a scroll of enchant weapon {unknown}
 q - 2 scrolls of teleportation {unknown}
 r - a scroll of amnesia {unknown}
 s - a scroll of noise {unknown}
Potions
 g - 2 potions of curing
 h - a potion of mutation {unknown}
 p - a potion of degeneration {unknown}
 t - a potion of invisibility {unknown}
Comestibles
 f - 5 rations


   Skills:
 + Level 3.0 Fighting
 * Level 3.9 Axes
 - Level 0.8 Throwing
 + Level 2.0 Armour
 + Level 2.0 Dodging
 + Level 2.0 Spellcasting
   Level 2.4 Translocations


You had 7 spell levels left.
You didn't know any spells.

Dungeon Overview and Level Annotations

Branches:
Dungeon (3/15)

Altars:
Okawaru


Message History

The orc priest is severely wounded.
The orc priest mumbles some strange prayers to Beogh against you.
Beogh smites you!
* * * LOW HITPOINT WARNING * * *
The orc priest looks satisfied for a moment.
An orc comes into view.
The orc shouts!
You take 10 damage, and have 6/30 hp.
MASSIVE DAMAGE!!
You bow before the missionary of Beogh.
Beogh welcomes you!
With a roar of approval, the orcs welcome you as one of their own, and spare your life.
Something closely misses the orc priest.
You swap places.
Items here: )) [ †† a mace; a leather armour; a whip; an orc corpse x2
An orc is nearby!
It would be a sin to butcher this!
An orc is nearby!
You hit the orc.
The orc is severely wounded.
The orc wizard hits the orc but does no damage.
The orc hits the orc wizard but does no damage.
You catch the helpless orc completely off-guard!
You hit the orc.
You kill the orc!
Beogh accepts your kill.
Your Fighting skill increases to level 3!
You have reached level 4!
You regained 2 hp, and now have 8/38 hp.
MP restored: 6
Things that are here:
a short sword; an orc corpse It would be a sin to butcher this!
You start resting.
An orc comes into view. It is wielding a hand axe.
You regained 2 hp, and now have 10/38 hp.
The orc shouts!
You hear an angry hiss.
You hit the orc.
The orc is lightly wounded.
The orc closely misses you.
Your leather armour prevents you from hitting the orc.
The orc is lightly wounded.
The orc hits you but does no damage.
You hit the orc.
The orc is heavily wounded.
The orc hits you with a hand axe.
* * * LOW HITPOINT WARNING * * *
You take 6 damage, and have 5/38 hp.
You hit the orc.
You kill the orc!
Beogh accepts your kill.
You see here a hand axe.
You start resting.
A frilled lizard comes into view.
The frilled lizard hisses angrily.
The frilled lizard bites you but does no damage.
You hit the frilled lizard.
You kill the frilled lizard!
Beogh accepts your kill.
Found 7 bolts.
You see here a frilled lizard corpse.
You butcher the frilled lizard corpse.
u - a chunk of flesh You see here a frilled lizard skeleton.
You start resting.
Eating a chunk of flesh.
You eat the chunk of flesh.
This raw flesh tastes terrible.
An orc comes into view. It is wielding a morningstar.
An orc is nearby!
The orc shouts!
You hear a shout! x3
You hit the orc.
The orc is severely wounded.
The orc closely misses you.
You hit the orc.
You kill the orc!
Beogh accepts your kill.
Your Armour skill increases to level 2!
Your Spellcasting skill increases to level 2!
An orc priest comes into view. It is wielding a falchion.
Things that are here:
a morningstar; 5 gold pieces; an orc corpse
u - a morningstar An orc comes into view.
It is wielding a club.
Adjust (i)tems, (s)pells, or (a)bilities?
Adjust which item? (? for menu, Esc to quit)
u - a morningstar Adjust to which letter? (? for menu, Esc to quit)
b - a morningstar;
u - a +0 leather armour (worn)
It was a potion of curing.
You feel better.
The orc shouts!
You hear a shout!
You regained 5 hp, and now have 14/38 hp.
The orc priest barely misses you.
You hit the orc priest but do no damage.
The orc priest hits you with a falchion.
* * * LOW HITPOINT WARNING * * *
You take 5 damage, and have 9/38 hp.
You hit the orc priest but do no damage.
The orc priest calls down the wrath of Beogh upon you.
Pain shoots through your body!
You die...
Beogh appreciates the orc priest's killing of a heretic priest.

.......o..#
.#.##o...# #
#.###.###
#.#.###)##
####.#.##...##
#.........#......
##.##.#÷##...#####
..(....$........#
##.##.#@###.###.#
#.#o# .# # # #o#
.# ..# .# ... ....
.### #.


You could see an orc priest and an orc.

Vanquished Creatures
  A worm (D:3)
  4 dart slugs
  A leopard gecko (D:1)
  5 orcs (D:3)
  2 ball pythons (D:1)
  6 bats
  A giant cockroach (D:1)
  4 goblins
  5 hobgoblins
  2 jackals (D:1)
  6 frilled lizards
  5 kobolds (D:1)
  5 rats
  2 fungi (D:1)
49 creatures vanquished.

Notes
Turn   | Place    | Note
-------+----------+-------------------------------------------
     0 | D:1      | Monsterracer the Hill Orc Warper began the quest for the Orb.
     0 | D:1      | Reached XP level 1. HP: 18/18 MP: 3/3
    24 | D:1      | HP: 9/18 [rat (1)]
   295 | D:1      | Reached XP level 2. HP: 25/25 MP: 4/4
   631 | D:1      | Reached XP level 3. HP: 16/30 MP: 5/5
   639 | D:1      | HP: 15/30 [dart slug (1)]
  1281 | D:2      | Found an iron altar of Okawaru.
  2036 | D:3      | HP: 10/30 [worm (10)]
  2262 | D:3      | HP: 15/30 [orc priest/whip (2)]
  2264 | D:3      | HP: 6/30 [orc priest/divine providence (10)]
  2265 | D:3      | Became a worshipper of Beogh the Brigand
  2268 | D:3      | Reached XP level 4. HP: 8/38 MP: 6/6
  2296 | D:3      | HP: 5/38 [orc/hand axe (6)]
  2332 | D:3      | HP: 9/38 [orc priest/falchion (6)]
  2333 | D:3      | Killed from afar by an orc priest

Skill      XL: |  1  2  3  4 |
---------------+-------------+-----
Axes           | 3 |  3.9
Dodging        | 2 |  2.0
Fighting       | 3 |  3.0
Armour         | 2 |  2.0
Spellcasting   | 2 |  2.0
Throwing       | |  0.8
Translocations | |  2.4

Action                   |  1- 3 |  4- 6 || total
-------------------------+-------+-------++-------
Melee: Hand axe          |   182 |     9 ||   191
Invok: Convert to Beogh  |     1 |       ||     1
  Use: Potion            |       |     1 ||     1
 Stab: Distracted        |     1 |       ||     1
  Eat: Chunk             |     4 |     1 ||     5
Armor: Leather armour    |    43 |     2 ||    45
Dodge: Dodged            |   106 |     3 ||   109

Vault maps used:
D:1:      mrwooster_arrival_statue_3, wad_floor_pattern_untrapped,
          minmay_gold_behind_fungi
D:2:      nicolae_overflow_crystal_walls
D:3:      lemuel_round_altar
